General information
- name: BNet
- type: Ladder team game (AT/RT)
- host: Battle.net
- saver: Miles_Edgeworth
map: TidewaterGlades
- players: 4
- length: 17:01
- speed: Fast
- version: 1.26 W3XP
- replay type: Public
» download(68 KB)
Players
team 1 (loser)
jfmf (
green | 34 APM | 316 actions | 09:25)
1 Mountain King
1 Storm Bolt
» actions
| Assign group hotkey | 7 | |
| Build / train | 30 | |
| Enter build submenu | 13 | |
| Enter hero's abilities submenu | 1 | |
| Right click | 108 | |
| Select / deselect | 112 | |
| Select group hotkey | 24 | |
| Use ability | 21 | |
316 total
» units
» upgrades
| Swords | 2 | |
| Plating | 1 | |
| Lumber Harvesting | 1 | |
4 total
» buildings
| Farm | 6 | |
| Altar of Kings | 1 | |
| Barracks | 2 | |
| Lumber Mill | 1 | |
| Blacksmith | 1 | |
| Keep | 1 | |
| Arcane Vault | 1 | |
| Castle | 1 | |
14 total
» build order
00:07 Farm
00:12 Altar of Kings
00:52 Barracks
01:22 Farm
01:59 Barracks
02:11 Farm
02:22 Lumber Mill
02:50 Blacksmith
03:05 Farm
04:10 Keep
04:40 Farm
05:21 Arcane Vault
06:30 Farm
06:36 Castle
t_poche_forget (
blue | 26 APM | 436 actions | 17:00)
1 Death Knight
1 Death Coil
» actions
| Assign group hotkey | 17 | |
| Basic commands | 6 | |
| Build / train | 23 | |
| Enter build submenu | 13 | |
| Enter hero's abilities submenu | 1 | |
| Right click | 224 | |
| Select / deselect | 105 | |
| Select group hotkey | 16 | |
| Use ability | 31 | |
436 total
» units
| Acolyte | 2 | |
| Ghoul | 9 | |
| Frost Wyrm | 2 | |
13 total
» upgrades
» buildings
| Crypt | 1 | |
| Necropolis | 1 | |
| Graveyard | 1 | |
| Halls of the Dead | 1 | |
| Altar of Darkness | 1 | |
| Ziggurat | 5 | |
| Nerubian Tower | 1 | |
| Tomb of Relics | 1 | |
| Sacrificial Pit | 1 | |
| Black Citadel | 1 | |
| Spirit Tower | 2 | |
| Boneyard | 2 | |
18 total
» build order
00:17 Crypt
00:29 Necropolis
00:57 Graveyard
01:41 Halls of the Dead
02:12 Altar of Darkness
02:36 Ziggurat
03:32 Ziggurat
03:38 Nerubian Tower
04:06 Tomb of Relics
04:13 Sacrificial Pit
04:20 Ziggurat
04:50 Black Citadel
05:23 Ziggurat
05:40 Spirit Tower
07:31 Boneyard
07:32 Boneyard
08:29 Ziggurat
11:50 Spirit Tower
» items
team 2 (winner)

»
angryhoraciones (
orange | 82 APM | 1388 actions | 17:00)
4 Lich
2 Frost Nova
2 Dark Ritual
3 Beastmaster
1 Summon Quilbeast
2 Summon Hawk
» actions
| Assign group hotkey | 57 | |
| Basic commands | 86 | |
| Build / train | 53 | |
| ESC pressed | 2 | |
| Enter build submenu | 23 | |
| Enter hero's abilities submenu | 7 | |
| Right click | 633 | |
| Select / deselect | 284 | |
| Select group hotkey | 141 | |
| Use ability | 102 | |
1388 total
» units
| Acolyte | 12 | |
| Ghoul | 4 | |
| Frost Wyrm | 4 | |
| Thunder Lizard | 2 | |
| Furbolg Shaman | 4 | |
| Satyr Shadowdancer | 2 | |
28 total
» upgrades
» buildings
| Halls of the Dead | 3 | |
| Necropolis | 2 | |
| Crypt | 1 | |
| Altar of Darkness | 1 | |
| Ziggurat | 9 | |
| Black Citadel | 2 | |
| Sacrificial Pit | 1 | |
| Nerubian Tower | 1 | |
| Boneyard | 2 | |
| Graveyard | 1 | |
23 total
» build order
00:53 Halls of the Dead
00:54 Halls of the Dead
00:54 Halls of the Dead
01:14 Necropolis
01:27 Necropolis
01:41 Crypt
02:12 Altar of Darkness
04:05 Ziggurat
05:14 Black Citadel
05:17 Sacrificial Pit
05:59 Nerubian Tower
06:03 Ziggurat
07:57 Boneyard
08:00 Boneyard
09:53 Ziggurat
09:55 Ziggurat
13:31 Ziggurat
13:34 Ziggurat
13:35 Ziggurat
14:33 Ziggurat
14:35 Ziggurat
14:38 Graveyard
» items
Miles_Edgeworth (
pink | 95 APM | 1623 actions | 17:01)
5 Death Knight
3 Death Coil
2 Unholy Aura
3 Lich
2 Frost Nova
1 Frost Armor
» actions
| Assign group hotkey | 21 | |
| Basic commands | 173 | |
| Build / train | 50 | |
| ESC pressed | 2 | |
| Enter build submenu | 15 | |
| Enter hero's abilities submenu | 9 | |
| Give item / drop item | 3 | |
| Right click | 659 | |
| Select / deselect | 205 | |
| Select group hotkey | 435 | |
| Use ability | 51 | |
1623 total
» units
| Acolyte | 2 | |
| Ghoul | 7 | |
| Crypt Fiend | 13 | |
| Frost Wyrm | 2 | |
24 total
» upgrades
| Creature Attack | 3 | |
| Web | 1 | |
| Creature Carapace | 2 | |
| Unholy Strength | 1 | |
7 total
» buildings
| Crypt | 1 | |
| Graveyard | 1 | |
| Ziggurat | 6 | |
| Altar of Darkness | 1 | |
| Tomb of Relics | 1 | |
| Halls of the Dead | 2 | |
| Black Citadel | 2 | |
| Sacrificial Pit | 1 | |
| Boneyard | 1 | |
16 total
» build order
00:08 Crypt
00:13 Graveyard
00:46 Ziggurat
01:01 Altar of Darkness
02:02 Tomb of Relics
02:07 Ziggurat
03:56 Halls of the Dead
04:12 Ziggurat
07:16 Black Citadel
07:17 Black Citadel
08:28 Ziggurat
11:01 Sacrificial Pit
12:42 Boneyard
14:03 Ziggurat
15:15 Ziggurat
» items
| Rod of Necromancy | 1 | |
| Boots of Speed | 1 | |
| Potion of Healing | 2 | |
| Potion of Mana | 1 | |
5 total
Chat log
(01:17 / Allies) Miles_Edgeworth: dude
(01:18 / Allies) Miles_Edgeworth: no
(01:19 / Allies) Miles_Edgeworth: pls
(01:19 / Allies) Miles_Edgeworth: why
(02:12 / Allies) Miles_Edgeworth: do you get two altar heroes
(02:23 / Allies) angryhoraciones: ill get lich and dk
(02:29 / Allies) Miles_Edgeworth: try a tavern hero imo
(02:34 / Allies) Miles_Edgeworth: then you can actually get two heroes quickly
(02:45 / Allies) Miles_Edgeworth: instead of having to wait for one then the other
(02:56 / Allies) angryhoraciones: but which hero tho
(02:58 / Allies) Miles_Edgeworth: dr maybe
(03:03 / Allies) Miles_Edgeworth: naga
(09:28 / All) t_poche_forget: lol nerd stuff keep circlign our units
(09:37 / Allies) Miles_Edgeworth: hahaahahahahaha
(09:41 / All) Miles_Edgeworth: sry
(09:46 / Allies) angryhoraciones: wat actually happened
(09:51 / Allies) Miles_Edgeworth: i killed them all
(10:03 / Allies) angryhoraciones: wtf lol
(10:07 / Allies) angryhoraciones: did u 1v2 them
(10:10 / Allies) Miles_Edgeworth: ya
(10:21 / Allies) Miles_Edgeworth: bunch of surrounds etc
(10:33 / Allies) Miles_Edgeworth: run
(10:45 / All) Miles_Edgeworth: u r encircled
(11:18 / All) t_poche_forget: noobs its opkay none of u could 1 vs 1 me
(11:21 / All) Miles_Edgeworth: o
(11:22 / Allies) angryhoraciones: lel
(11:22 / All) Miles_Edgeworth: rly
(11:34 / All) t_poche_forget: kids with no skilsl cant fight lefgit have to run away kite and surround units ahaha
(11:40 / All) t_poche_forget: thats no skills its exploiting the game
(11:46 / All) Miles_Edgeworth: huh it's funny it's almost like those are fighting tactics
(11:46 / All) t_poche_forget: afk
(12:06 / All) t_poche_forget: no exploiting game weaknesses
(12:16 / All) Miles_Edgeworth: have oyu ever played a video game before
(13:58 / Allies) Miles_Edgeworth: going bacjk to hu before hebuilds a million towers
(14:03 / Allies) angryhoraciones: K
(14:11 / Allies) angryhoraciones: ill finish ud then
(14:17 / Allies) Miles_Edgeworth: ah nm all the peasants are dead
(15:07 / Allies) Miles_Edgeworth: that might have been the most ridiculous quote i've ever seen in wc3
(15:12 / Allies) angryhoraciones: lol
(15:18 / Allies) angryhoraciones: which one
(15:22 / Allies) angryhoraciones: the exploiting the game one?
(15:29 / Allies) Miles_Edgeworth: the one about how not fighting legit
(15:35 / Allies) Miles_Edgeworth: and resorting to kiting and surrounding units
(15:58 / All) t_poche_forget: not done yet?
(16:06 / All) angryhoraciones: no
(16:08 / All) angryhoraciones: having fun
(16:09 / All) Miles_Edgeworth: nah i was too busy kiting and surrounding your buildings
(16:47 / Allies) Miles_Edgeworth: whoa never knew there were guys there
(16:56 / Allies) angryhoraciones: me neither
(16:57 / All) angryhoraciones: GG